[Event "*** Titled Tuesday 3|2 Blitz"]
[Site "Chess.com"]
[Date "2015.11.03"]
[Round "9"]
[White "metalbattler"]
[Black "BjarkeSahl"]
[Result "0-1"]
[WhiteElo "1954"]
[BlackElo "2160"]
[TimeControl "180+2"]
[EndTime "12:57:32 PST"]
[Termination "BjarkeSahl won by resignation"]

1. e4 c5 2. Nc3 Nc6 3. Bb5 Nd4 4. Nf3 Nxf3+ 5. Qxf3 e6 6. O-O a6 7. Be2 Ne7 8. d3 Nc6 9. Qg3 d6 10. f4 Nd4 11. Bd1 Bd7 12. Ne2 Nxe2+ 13. Bxe2 Bc6 14. f5 e5 15. c4 h6 16. a4 Qf6 17. b3 Be7 18. Be3 Bd8 19. Qh3 Qh4 20. Qf3 Qf6 21.
Qh3 Ba5 22. g4 O-O-O 23. Bf2 Bd2 24. Qf3 Bg5 25. Kg2 Rdf8 26. Rh1 g6 27. h4 Bf4 28.
Be3 Bxe3 29. Qxe3 gxf5 30. gxf5 Qxf5 31. Raf1 Rhg8+ 32. Kh2 Qe6 33. Rf5 Rg7 34. Rhf1 Rfg8 35. R1f2 Qg6 36. h5 Qg1+ 37. Kh3 Rg3+ 0-1

[Event "*** Titled Tuesday 3|2 Blitz"]
[Site "Chess.com"]
[Date "2015.11.03"]
[Round "9"]
[White "eltenedor"]
[Black "bugsbunny444"]
[Result "0-1"]
[WhiteElo "1969"]
[BlackElo "2334"]
[TimeControl "180+2"]
[EndTime "12:57:46 PST"]
[Termination "bugsbunny444 won on time"]

1. c4 b6 2. b3 Bb7 3. Bb2 e6 4.
f4 Bxg2 5. Bxg2 Qh4+ 6. Kf1 Qxf4+ 7. Nf3 Nc6 8. e3 Qf5 9. Ke2 Nf6 10. Bxf6 Qxf6 11.
Nc3 g5 12. Ne4 Qg6 13. Nf2 Bg7 14. d4 g4 15. Ne1 O-O-O 16. Qd3 f5 17. Nc2 Rdf8 18.
Bxc6 dxc6 19. Nb4 Kb7 20. c5 b5 21. a4 f4 22. Qxg6 hxg6 23. axb5 cxb5 24. Nxg4 fxe3 25. c6+ Kb8 26. Ra5 Bxd4 27. Rxb5+ Bb6 28. Nxe3 Rh3 29. Re5 Rfh8 30. Nf1 Rxb3 31. Nd3 Rd8 32. Nf4 Rc3 0-1

[Event "*** Titled Tuesday 3|2 Blitz"]
[Site "Chess.com"]
[Date "2015.11.03"]
[Round "9"]
[White "AleksandrNevski"]
[Black "Fandorine"]
[Result "0-1"]
[WhiteElo "2342"]
[BlackElo "2533"]
[TimeControl "180+2"]
[EndTime "12:57:56 PST"]
[Termination "Fandorine won by checkmate"]

1. Nf3 g6 2. g3 Bg7 3. Bg2 d5 4. O-O Nf6 5. d3 O-O 6. c3 c5 7. Nbd2 Nc6 8. e4 e6 9. Qe2 a5 10. a4 b6 11. Re1 Ba6 12. exd5 exd5 13. Nb1 Re8 14. Qd1 Rxe1+ 15. Nxe1 Qd7 16. Na3 Re8 17. Bg5 h6 18. Bxf6 Bxf6 19. Qb3 Qc7 20. Bxd5 Ne5 21. Nb5 Bxb5 22. axb5 Kg7 23. Qc2 Qd7 24. c4 Qg4 25.
Kg2 h5 26. h3 Qd4 27. Rb1 h4 28. Qe2 hxg3 29. fxg3 Re7 30. Qe4 Nc6 31. Qf3 Nb4 32.
Qf2 Re3 33. Bf3 Nxd3 34. Nxd3 Rxd3 35. Re1 Qxf2+ 36. Kxf2 Rd2+ 37. Ke3 Bg5+ 38. Ke4 Rd4+ 39. Ke5 Bf6# 0-1

[Event "*** Titled Tuesday 3|2 Blitz"]
[Site "Chess.com"]
[Date "2015.11.03"]
[Round "9"]
[White "Mugzyyy"]
[Black "SerGo055"]
[Result "1-0"]
[WhiteElo "2510"]
[BlackElo "2405"]
[TimeControl "180+2"]
[EndTime "12:58:03 PST"]
[Termination "Mugzyyy won on time"]

1. d4 d5 2. c4 c6 3. Nf3 Nf6 4. Bg5 Ne4 5. Bf4 e6 6. Nbd2 f5 7. e3 Bd6 8. Bxd6 Qxd6 9. Bd3 Nd7 10. h3 O-O 11. g4 Ndf6 12. Ne5 Nxd2 13. Qxd2 Ne4 14.
Qc2 c5 15. O-O-O Bd7 16. Kb1 Rac8 17. f3 cxd4 18. exd4 dxc4 19. Nxc4 Qd5 20. fxe4 fxe4 21. Bxe4 Qxc4 22. Bxh7+ Kh8 23. Qxc4 Rxc4 24. Be4 Rf4 25. Rhe1 Rf2 26. Rf1 Rxf1 27. Rxf1 Kg8 28. Rd1 b6 29. b3 Rc3 30. Rd3 Rc8 31. d5 Rf8 32.
dxe6 Bxe6 33. Rd6 Rf1+ 34. Kb2 Kf7 35. Rc6 Re1 36. Bd3 Re3 37. Kc2 Rxh3 38. g5 Rh2+ 39. Kb1 Rh3 40. Rc7+ Kf8 41. Bc2 Rh1+ 42. Kb2 Rh2 43.
Kc3 b5 44. Kd4 Rd2+ 45. Ke5 Re2+ 46. Kd6 b4 47. g6 Bg4 48. Rc4 Rd2+ 49. Kc7 1-0

[Event "*** Titled Tuesday 3|2 Blitz"]
[Site "Chess.com"]
[Date "2015.11.03"]
[Round "9"]
[White "StoreySniper"]
[Black "stepanosinovsky"]
[Result "0-1"]
[WhiteElo "2132"]
[BlackElo "2213"]
[TimeControl "180+2"]
[EndTime "12:58:06 PST"]
[Termination "stepanosinovsky won by checkmate"]

1. g3 h5 2. Bg2 h4 3. c4 c5 4.
Nc3 Nc6 5. d3 d6 6. Bg5 h3 7. Bxc6+ bxc6 8. Nf3 Rb8 9. Qa4 Rxb2 10.
O-O Qc7 11. Rab1 Rb6 12. Nd5 Qb7 13. Nxb6 axb6 14. Qb3 f6 15. Be3 Kf7 16. Qxb6 Qd7 17. d4 cxd4 18. Nxd4 c5 19. Nc6 Qf5 20. Rb3 Nh6 21. Bxh6 Rxh6 22. Re3 Rg6 23. Qc7 Bd7 24. Nb8 Be6 25. Nc6 Bd7 26. Nd8+ Kg8 27. Qb7 Rg5 28. Nc6 Kf7 29. Nd8+ Ke8 30. Nc6 Rg4 31. Qb8+ Kf7 32. Nd8+ Kg8 33. Re1 Rxc4 34. Qc7 Re4 35. Rxe4 Qxe4 36.
f3 Qe3+ 37. Kf1 Bb5 38. Qb8 Qxf3+ 39. Kg1 Qg2# 0-1

[Event "*** Titled Tuesday 3|2 Blitz"]
[Site "Chess.com"]
[Date "2015.11.03"]
[Round "9"]
[White "LADIESGET2KNOWME"]
[Black "kikydu96"]
[Result "0-1"]
[WhiteElo "2241"]
[BlackElo "2247"]
[TimeControl "180+2"]
[EndTime "12:58:07 PST"]
[Termination "kikydu96 won by resignation"]

1. g3 d5 2. Bg2 c6 3. Nf3 Nf6 4. O-O Bf5 5. d3 Nbd7 6. b3 e6 7. Bb2 Be7 8. Nbd2 h6 9. c4 O-O 10. a3 Bh7 11. Qc2 Re8 12. Rac1 Bf8 13. Qb1 e5 14. e4 d4 15. b4 c5 16. b5 a6 17.
a4 axb5 18. axb5 Nh5 19. Rce1 b6 20. Bc1 Bd6 21. Nb3 f5 22. exf5 Bxf5 23. Nfd2 Nhf6 24. Ne4 Nxe4 25. Bxe4 Bh3 26. Bg2 Bxg2 27. Kxg2 Nf6 28.
Nd2 Ra7 29. Ne4 Qa8 30. f3 Ra2+ 31. Bb2 Nxe4 32. Rxe4 Qa4 33. Rf2 Qb3 34. Qc2 Qb4 35. Qd2 Qb3 36. f4 Rxb2 37. Qxb2 Qxd3 38. Rfe2 Qxc4 39.
fxe5 Qd5 40. Kg1 Rxe5 41. Rxe5 Bxe5 42. Qd2 d3 43. Rxe5 Qxe5 44. Qxd3 Qd4+ 45. Qxd4 cxd4 46. Kf2 Kf7 47. Kf3 Ke6 48. Ke4 d3 49. Kxd3 Kd5 50. g4 Kc5 51. Ke4 Kxb5 52. Kf5 Kc6 53.
Kg6 b5 54. Kxg7 b4 55. Kxh6 b3 56. g5 b2 57. g6 b1=Q 58. g7 Qc1+ 59. Kh7 Qc2+ 60.
Kh8 Qxh2+ 61. Kg8 Kd6 62. Kf7 Qf4+ 63. Kg6 Qg4+ 64. Kf6 Qe6+ 65. Kg5 Qg8 66. Kf6 Kd7 67. Kg6 Ke7 68. Kh6 0-1

[Event "*** Titled Tuesday 3|2 Blitz"]
[Site "Chess.com"]
[Date "2015.11.03"]
[Round "9"]
[White "pedromartinez91"]
[Black "Viaje"]
[Result "1-0"]
[WhiteElo "2218"]
[BlackElo "2224"]
[TimeControl "180+2"]
[EndTime "12:58:19 PST"]
[Termination "pedromartinez91 won by resignation"]

1. e4 c5 2. Nf3 d6 3. Bb5+ Bd7 4. Bxd7+ Qxd7 5. O-O Nf6 6. e5 dxe5 7. Nxe5 Qc8 8. Qf3 e6 9. Nc3 Nbd7 10. Nxd7 Qxd7 11. Qg3 Qd6 12. Qf3 Qd7 13. d3 Be7 14. Qg3 O-O 15. Bh6 Ne8 16. Ne4 Kh8 17. Be3 b6 18. Qf3 Nd6 19. Nc3 Nf5 20. Rfe1 Bf6 21. Bd2 Nd4 22. Qd1 g6 23. Ne4 Bg7 24. Bc3 Rae8 25. Ng5 h6 26.
Nf3 e5 27. Nd2 f5 28. a4 Kh7 29. Nc4 Qd5 30. Ne3 Qd7 31. Nc4 Rg8 32. Bxd4 Qxd4 33.
c3 Qd7 34. Qc2 Re7 35. Rad1 Rd8 36. Qb3 Qd5 37. f3 Qc6 38. Qb5 Qd5 39. a5 e4 40. fxe4 fxe4 41. axb6 axb6 42. Nxb6 Qh5 43. Qc6 Be5 44. g3 exd3 45. Nd5 Rd6 46. Qxc5 d2 47. Rf1 Red7 48. Rxd2 Bxg3 49. Nf6+ Rxf6 50. Rxd7+ Kg8 51. Qc8+ 1-0

[Event "*** Titled Tuesday 3|2 Blitz"]
[Site "Chess.com"]
[Date "2015.11.03"]
[Round "9"]
[White "AndrewMcStone"]
[Black "Rickstereo"]
[Result "0-1"]
[WhiteElo "2009"]
[BlackElo "2095"]
[TimeControl "180+2"]
[EndTime "12:58:25 PST"]
[Termination "Rickstereo won by checkmate"]

1. d4 Nf6 2. c4 c5 3. d5 b5 4.
cxb5 a6 5. f3 d6 6. e4 g6 7. Na3 Bg7 8. Ne2 O-O 9. Nc3 Nbd7 10.
Be2 Ne5 11. O-O axb5 12. Naxb5 Ba6 13. a4 Qb6 14. Be3 Qa5 15. Qc2 Qb4 16. Na2 Qa5 17. Bd2 Qb6 18. Nac3 c4+ 19. Kh1 Rfc8 20. Qc1 Nd3 21.
Bxd3 cxd3 22. Qe1 Nd7 23. Be3 Qa5 24. Qd2 Ne5 25. Rfb1 Nc4 26. Qxd3 Nxb2 27. Rxb2 Rxc3 28. Qd2 Bxb5 29. Rxb5 Qxb5 30. axb5 Rxa1+ 31. Bg1 Rcc1 32. h4 Rxg1+ 33. Kh2 Rgb1 34. Qc2 Rxb5 35. Qc8+ Bf8 36. h5 Rb2 37. hxg6 hxg6 38. Kh3 Raa2 39. g4 g5 40. f4 Rb3+ 41. Qc3 Rxc3# 0-1

[Event "*** Titled Tuesday 3|2 Blitz"]
[Site "Chess.com"]
[Date "2015.11.03"]
[Round "9"]
[White "Baggio95"]
[Black "Saitama_Hero"]
[Result "1-0"]
[WhiteElo "2379"]
[BlackElo "2193"]
[TimeControl "180+2"]
[EndTime "12:58:34 PST"]
[Termination "Baggio95 won on time"]

1. e4 Nf6 2. e5 Nd5 3. d4 Nb6 4. c4 d6 5. exd6 exd6 6. Nc3 Be7 7. h3 O-O 8. Bd3 Nc6 9. Nf3 Bf6 10. O-O g6 11. Be3 Nb4 12. Be2 Bf5 13. Rc1 d5 14. a3 Nc6 15. c5 Nc4 16. Nxd5 Nxe3 17. Nxf6+ Qxf6 18. fxe3 Qe7 19. Qd2 Rfe8 20. Rc3 Rad8 21.
Bb5 Be4 22. Qf2 f5 23. Bc4+ Kh8 24. b4 a6 25. Rd1 Qg7 26. Rb3 g5 27. d5 g4 28.
hxg4 fxg4 29. Nh4 Ne5 30. Rc3 Nf3+ 31. gxf3 gxf3+ 32. Kh2 Qxc3 33. d6 Qe5+ 34. Qg3 Qb2+ 35. Kh3 Rg8 36. Qf4 Qc2 37. Bxg8 Rxg8 38. Qf6+ Rg7 39. dxc7 Bf5+ 40. Qxf5 1-0

[Event "*** Titled Tuesday 3|2 Blitz"]
[Site "Chess.com"]
[Date "2015.11.03"]
[Round "9"]
[White "Lupul_Cenusiu"]
[Black "oggy1984"]
[Result "0-1"]
[WhiteElo "2377"]
[BlackElo "2292"]
[TimeControl "180+2"]
[EndTime "12:58:56 PST"]
[Termination "oggy1984 won by checkmate"]

1. d4 Nf6 2. c4 e6 3. Nc3 Bb4 4. e3 O-O 5. Ne2 d5 6. a3 Be7 7.
cxd5 exd5 8. Qc2 c6 9. Ng3 Re8 10. Bd3 Bd6 11. O-O Nbd7 12. Nf5 Bf8 13. Bd2 a6 14. Rae1 g6 15. Ng3 c5 16. dxc5 Nxc5 17. Nce2 Be6 18. Nd4 Rc8 19. Qb1 Nxd3 20. Qxd3 Bd7 21.
Rc1 Qb6 22. b4 Rxc1 23. Rxc1 Rc8 24. Rxc8 Bxc8 25. Bc3 Bg7 26. Nb3 Qc6 27. Bd4 Qa4 28. Nc5 Qc6 29. h3 h5 30. f3 h4 31. Ne2 Bf5 32.
Qc3 Kh7 33. Nxb7 Qxb7 34. Bxf6 Qb5 35. Kf2 Bh6 36. Qd4 Bd3 37. Qxh4 Bxe2 38. Bg5 Bf1 39. Qxh6+ Kg8 40. Kg3 Qe2 41. Kf4 Bxg2 42. Ke5 Qxf3 43. Kd6 d4 44. Ke7 Qe4+ 45. Kf6 Qe6# 0-1

[Event "*** Titled Tuesday 3|2 Blitz"]
[Site "Chess.com"]
[Date "2015.11.03"]
[Round "9"]
[White "Izoria123"]
[Black "AlexanderL"]
[Result "1-0"]
[WhiteElo "2448"]
[BlackElo "2564"]
[TimeControl "180+2"]
[EndTime "12:58:58 PST"]
[Termination "Izoria123 won by resignation"]

1. d4 Nf6 2. Nf3 d5 3. c4 e6 4. g3 Be7 5. Bg2 O-O 6. Qc2 c5 7. O-O cxd4 8. Nxd4 e5 9. Nf5 d4 10. Nxe7+ Qxe7 11. b4 Re8 12. a3 Be6 13. Nd2 Nc6 14. Bb2 Rac8 15. Rac1 Red8 16. Rfe1 h6 17. e3 dxe3 18.
Rxe3 Ng4 19. Ree1 Nd4 20. Bxd4 exd4 21. Qe4 Rd7 22. c5 Rcd8 23. b5 Qf6 24. Qf3 Ne5 25. Qxf6 gxf6 26. Bf1 Bd5 27. f4 Nf3+ 28. Nxf3 Bxf3 29.
Bd3 Kf8 30. Kf2 Bd5 31. Red1 Rc7 32. Bf1 Be4 33. Rc4 f5 34. Ke1 Rd5 35. Rdc1 Ke7 36. Kd2 Rd8 37. a4 Rdc8 38. b6 axb6 39. cxb6 Rxc4 40.
Rxc4 Rxc4 41. Bxc4 Kd6 42. Bxf7 Kc5 43. Bg6 Kxb6 44. g4 Kc5 45. Bxf5 Bc6 46. Bc2 Bd7 47.
g5 hxg5 48. fxg5 Kd6 49. h4 Be8 50. g6 Ke7 51. h5 Kf6 52. h6 Bxg6 53. h7 Bxh7 54.
Bxh7 Ke5 55. Bd3 Kd5 56. Bb5 Kc5 57. Kd3 1-0

[Event "*** Titled Tuesday 3|2 Blitz"]
[Site "Chess.com"]
[Date "2015.11.03"]
[Round "9"]
[White "GregShahade"]
[Black "kharposh"]
[Result "1-0"]
[WhiteElo "2312"]
[BlackElo "2080"]
[TimeControl "180+2"]
[EndTime "12:59:09 PST"]
[Termination "GregShahade won by checkmate"]

1. e4 e5 2. Nf3 Nc6 3. Bc4 Be7 4.
O-O Nf6 5. d3 O-O 6. c3 d6 7. Bb3 h6 8. Re1 Re8 9. Nbd2 Bf8 10. h3 g6 11. Nf1 Bg7 12. Be3 Be6 13. Qd2 Bxb3 14. axb3 a6 15. Bxh6 Nh5 16. Bxg7 Kxg7 17.
g3 Rh8 18. Kg2 Qd7 19. Ng1 Rh7 20. d4 Rah8 21. Re3 Nf6 22. g4 Qe7 23. Rae1 Nxg4 24. hxg4 Qh4 25. Ng3 Qxg4 26. Qe2 Rh2+ 27. Kf1 Qh4 28.
d5 Ne7 29. Qf3 Rf8 30. Ke2 f5 31. exf5 Nxf5 32. Nxf5+ Rxf5 33. Qe4 Qxf2+ 34. Kd3 Qd2+ 35.
Kc4 Rf4 36. Qxf4 exf4 37. Re7+ Kh6 38. Nf3 b5+ 39. Kb4 Qf2 40. Nd4 f3 41. R1e6 Rg2 42.
Rxc7 Qg3 43. Ree7 Kg5 44. Ne6+ Kg4 45. Rg7 Kf5 46. Rgf7+ Ke4 47. Rce7 Kd3 48. Nd4 f2 49.
Ne2 Qg4+ 50. Ka5 Rg1 51. Rxf2 Ra1+ 52. Kb6 Qc8 53. Nf4# 1-0

[Event "*** Titled Tuesday 3|2 Blitz"]
[Site "Chess.com"]
[Date "2015.11.03"]
[Round "9"]
[White "1random"]
[Black "Chopper1905"]
[Result "0-1"]
[WhiteElo "1955"]
[BlackElo "2522"]
[TimeControl "180+2"]
[EndTime "12:59:15 PST"]
[Termination "Chopper1905 won by resignation"]

1. e4 c6 2. d4 d5 3. e5 Bf5 4. Nf3 e6 5. Be2 Nd7 6. O-O Bg6 7. Nbd2 Nh6 8. c3 Be7 9. Nb3 O-O 10. Be3 Nf5 11.
Qd2 f6 12. exf6 Bxf6 13. Bf4 Bh5 14. Ne5 Nxe5 15. Bxh5 Nc4 16. Qe2 Qd7 17. Nc5 Qc8 18. Nxe6 g6 19. Nxf8 Qxf8 20. Bf3 Bxd4 21. Qe6+ Kg7 22. cxd4 Re8 23. Qxe8 Qxe8 24. b3 Ncd6 25. Rae1 Qd7 26. Re2 Nf7 27. Rd1 Nh4 28. Be5+ Kh6 29.
Bf4+ g5 30. Bg3 Nxf3+ 31. gxf3 Qf5 32. Kg2 Kg7 33. Rde1 h5 34. Re7 h4 35. Be5+ Kf8 36.
Bb8 g4 37. fxg4 Qxg4+ 38. Kh1 Qf3+ 39. Kg1 h3 40. Re8+ Kg7 41. Kf1 Qd3+ 42. Kg1 Ng5 43.
R8e7+ Kg6 44. R7e3 Nf3+ 45. Kh1 Nxe1 46. Rxd3 Nxd3 47.
Kg1 Kf5 48. Bxa7 Ke4 49. Bb6 Nc1 50. Bc7 Nxa2 51. f4 Nc1 52. Kf2 Nxb3 53. Kg3 Nxd4 54. Kxh3 Ne6 55. Bb8 d4 56. Kg4 d3 57. f5 d2 58.
fxe6 d1=Q+ 59. Kg5 Qd5+ 60. Kf6 Qf5+ 61. Ke7 Kd5 62. Kd8 Qxe6 63. h4 Qf7 64. h5 Ke6 65. Kc8 0-1

[Event "*** Titled Tuesday 3|2 Blitz"]
[Site "Chess.com"]
[Date "2015.11.03"]
[Round "9"]
[White "Sadovsky_Artem"]
[Black "manubibi"]
[Result "1/2-1/2"]
[WhiteElo "2407"]
[BlackElo "2432"]
[TimeControl "180+2"]
[EndTime "12:59:33 PST"]
[Termination "Game drawn by agreement"]

1. e4 c5 2. Nf3 d6 3. c3 Nf6 4. h3 g6 5. Bd3 Bg7 6. Bc2 O-O 7. O-O Nc6 8. Re1 e5 9. d4 h6 10. dxe5 dxe5 11. Be3 Qe7 12. Na3 Rd8 13. Qe2 Nh5 14. Qb5 Bf8 15. Rad1 Be6 16. Bb3 Nf4 17. Bxe6 Qxe6 18.
Qxb7 Rab8 19. Qa6 Rxd1 20. Rxd1 Rxb2 21. Nc4 Ne2+ 22. Kh1 Nxc3 23. Nxb2 Nxd1 24. Nxd1 Qd7 25. Nc3 Nb4 26. Qc4 Qd3 27. Qxd3 Nxd3 28. Kg1 f5 29. Kf1 f4 30. Bd2 c4 31. Ke2 Bc5 32. Nd1 Kf7 33.
Bc3 Ke6 34. Nb2 Nxf2 35. Bxe5 Nxe4 36. Nxc4 g5 37. Bg7 Ng3+ 38. Kd3 Nf5 39. Bd4 Kd5 40. Bxc5 Kxc5 41. Nce5 Kb4 42. Nd4 Nh4 43. Nc2+ Kb5 44.
Ne1 Ka4 45. Kc2 Kb5 46. Kc3 Kc5 47. Nf7 Nf5 48. Ne5 Kd5 49. Ng4 Ke4 50. a4 h5 51. Nf6+ Ke3 52. Nxh5 Kf2 53. Nd3+ Kxg2 54. Nhxf4+ gxf4 55.
Nxf4+ Kg3 56. Nd5 Kxh3 57. Kc4 Kg4 58. Kb5 Nd4+ 59. Ka6 Nc6 60. Kb7 Ne5 61. Kxa7 Kf5 62. Kb7 Nc4 63. Nb6 Na5+ 64. Ka6 Nb3 65. Kb5 Ke6 66. Kb4 Nd4 67. Kc5 Nb3+ 68. Kb4 Nd4 69. Kc4 Nc6 70. Kc5 Na5 71. Kb5 Nb3 72. Nc4 Kd7 73. Kb6 Kc8 74. Ne5 Kb8 75. Nc6+ Ka8 76. Na5 Nxa5 77. Kxa5 Ka7 78. Kb5 Kb7 79. Ka5 Ka7 80.
Kb5 Kb7 1/2-1/2

[Event "*** Titled Tuesday 3|2 Blitz"]
[Site "Chess.com"]
[Date "2015.11.03"]
[Round "9"]
[White "cassoulet"]
[Black "Makalexa"]
[Result "1-0"]
[WhiteElo "2276"]
[BlackElo "2075"]
[TimeControl "180+2"]
[EndTime "12:59:54 PST"]
[Termination "cassoulet won by checkmate"]

1. e4 e5 2. Nf3 Nc6 3. Bc4 Bc5 4. c3 Nf6 5. d3 O-O 6. Bb3 d5 7. Qe2 Bg4 8. h3 Bxf3 9. Qxf3 d4 10. Bg5 Be7 11. O-O Qd6 12. Bxf6 Bxf6 13. Bd5 Rad8 14.
Nd2 dxc3 15. bxc3 Qc5 16. Rfc1 b6 17. Nb3 Qd6 18. d4 exd4 19. Bxc6 dxc3 20. Bd5 c2 21.
Rxc2 Bxa1 22. Nxa1 c5 23. Nb3 a5 24. Nd2 b5 25. Qb3 Rb8 26. a4 bxa4 27. Qxa4 Kh8 28. Qxa5 Rfc8 29. g3 f5 30. Nc4 Qd7 31. Ne5 Rb1+ 32.
Kg2 Qc7 33. Nf7+ Kg8 34. Ng5+ Kh8 35. Qxc7 Rxc7 36. exf5 h6 37. Nf7+ Kh7 38. Ne5 Rd1 39.
Bf7 Rd8 40. Rc4 Ra8 41. Bg6+ Kg8 42. Nd3 Rac8 43. Bh5 Kf8 44. Bf3 Ke7 45. Nf4 Ra7 46. Nd5+ Kf7 47. Bh5+ Kf8 48. Nb6 Rcc7 49. Re4 Re7 50.
Rf4 Ra6 51. Nc4 Rf6 52. Ne3 Rc6 53. Bf3 Rc8 54. g4 Rec7 55. Bd5 Ke7 56. Be6 Rd8 57. Nd5+ Rxd5 58. Bxd5 Kd6 59. Bc4 Ke5 60. Kf3 Rd7 61. Re4+ Kf6 62. h4 g5 63. Re6+ Kg7 64. Rg6+ Kh7 65.
hxg5 hxg5 66. Rxg5 Rd4 67. Be6 Kh6 68. Rh5+ Kg7 69. g5 c4 70. f6+ Kg6 71. f7 Rd8 72. Rh4 Kxg5 73. Rxc4 Kf6 74. Re4 Rf8 75. Bc4 Kg5 76. Re8 Kf5 77. Rxf8 Kf6 78. Ra8 Ke5 79. f8=Q Kd4 80. Qf4+ Kc5 81. Rc8+ Kb4 82. Qd2+ Ka3 83. Ra8# 1-0

[Event "*** Titled Tuesday 3|2 Blitz"]
[Site "Chess.com"]
[Date "2015.11.03"]
[Round "9"]
[White "AnastasiaProtopopova"]
[Black "ilmago"]
[Result "1-0"]
[WhiteElo "1840"]
[BlackElo "1903"]
[TimeControl "180+2"]
[EndTime "13:00:52 PST"]
[Termination "AnastasiaProtopopova won on time"]

1. Nf3 c5 2. c4 g6 3. Nc3 Bg7 4. g3 e6 5. Bg2 Ne7 6. O-O Nbc6 7. e3 O-O 8. d4 cxd4 9. exd4 d5 10. c5 Nf5 11.
Ne2 b6 12. Qa4 Bd7 13. Qd1 bxc5 14. dxc5 Qa5 15. g4 Nfe7 16. Be3 Bxb2 17. Rb1 Rab8 18. Qc2 Bg7 19. Nfd4 Nb4 20. Qd2 Qxa2 21. Rxb4 Qxd2 22. Bxd2 Rxb4 23. Bxb4 e5 24. Nc2 Bxg4 25. Nc3 e4 26.
f3 exf3 27. Bxf3 Be6 28. Rd1 Rd8 29. Ba5 Rc8 30. Bb4 Nc6 31. Ne2 Nxb4 32. Nxb4 Rxc5 33.
Nxd5 Rc2 34. Ng3 Bf8 35. Nf6+ Kg7 36. Nfe4 f5 37. Ng5 Bc5+ 38. Kh1 Bc8 39. h3 h6 40.
Rd8 Bb6 41. Bd5 Bxd8 42. Nf7 Bc7 43. Nf1 Ba6 44. Ne3 Bf4 45. Nxc2 Kf6 46. Nd8 Ke5 47. Bf7 Kf6 48. Nb4 Be2 49. Nd5+ Ke5 50. Nc6+ Kd6 51. Nxf4 Bf3+ 52. Kh2 Bxc6 53. Bxg6 Ke5 54. Nd3+ Ke4 55.
Nf2+ Kf3 56. Nd1 f4 57. Nc3 a5 58. Bc2 Ke3 59. Na4 f3 60. Nc3 Kd2 61. Be4 Bxe4 62.
Nxe4+ Ke3 63. Ng3 a4 64. Nf1+ Ke2 65. Kg1 a3 66. Ng3+ Ke3 67. Nf5+ Ke4 68. Nd6+ 1-0

[Event "*** Titled Tuesday 3|2 Blitz"]
[Site "Chess.com"]
[Date "2015.11.03"]
[Round "9"]
[White "MITerryble"]
[Black "GeorgMeier"]
[Result "1/2-1/2"]
[WhiteElo "2605"]
[BlackElo "2617"]
[TimeControl "180+2"]
[EndTime "13:01:04 PST"]
[Termination "Game drawn by repetition"]

1. d4 Nf6 2. Nf3 e6 3. c4 d5 4. Nc3 dxc4 5. e3 a6 6. a4 c5 7. Bxc4 Nc6 8. O-O Be7 9. dxc5 Qxd1 10. Rxd1 Bxc5 11. Ng5 Ke7 12. Nge4 Nxe4 13. Nxe4 Bb4 14. Bd2 Bd7 15. Be2 Rhd8 16. Rac1 Bxd2 17. Rxd2 Be8 18. Rcd1 Rxd2 19. Rxd2 Rc8 20. Kf1 Nb4 21. Nc3 Bc6 22. e4 g5 23. Rd4 a5 24. f3 h5 25. Kf2 h4 26. Rd2 Be8 27. Ke3 Bc6 28. Kf2 Be8 29.
Ke3 Bc6 30. Kf2 Rh8 31. Ke3 Rg8 32. Kf2 Rc8 33. Ke3 Be8 34. Kf2 Bc6 35. Ke3 Rh8 36. Kf2 Rc8 37. Ke3 Rh8 38. Kf2 Rc8 39. Ke3 Rb8 40.
Kf2 f6 41. Ke3 Rc8 42. Kf2 Rb8 43. Ke3 Rc8 44. Kf2 Bd7 45. Ke3 e5 46. Bf1 Be6 47. Be2 Rd8 48. Rxd8 Kxd8 49. Kd2 Kd7 50. Bd1 Kd6 51.
g3 hxg3 52. hxg3 Kc5 53. Ke3 Nc6 54. f4 gxf4+ 55. gxf4 exf4+ 56. Kxf4 Kd4 57. Be2 Ne5 58. Nb5+ Kc5 59. Nc7 Bb3 60. Ne8 Nd7 61. Bb5 Nb6 62.
Nxf6 Bxa4 63. Bd3 Nd7 64. e5 Kd4 65. Nxd7 Bxd7 66. Bf5 Be8 67. e6 Kd5 68. Bg4 Kd6 69.
Kf5 Ke7 70. Ke5 b6 71. Kd5 Ba4 72. Bf5 Be8 73. Bg4 Bb5 74. Bh3 Be8 75. Bg4 Bb5 76. Bh3 Be8 77. Bg4 Bb5 78. Bh3 Be8 79. Bg4 1/2-1/2